 Dungeon Crawl Stone Soup version 0.18-a0-1014-g3bbf375 (webtiles) character file.

6 kroki the Ruffian (level 1, 0/19 HPs)
             Began as a Ghoul Berserker on Jan 6, 2016.
             Was a Follower of Trog.
             Slain by a jackal (3 damage)
             ... on level 1 of the Dungeon.
             The game lasted 00:00:16 (85 turns).

kroki the Ruffian (Ghoul Berserker)                   Turns: 85, Time: 00:00:16

Health: 0/19       AC:  2    Str: 19    XL:     1   Next: 90%
Magic:  0/0        EV: 12    Int:  3    God:    Trog [*.....]
Gold:   21         SH:  0    Dex:  8    Spells: 0 memorised, 0 levels left

rFire  . . .     SeeInvis .       - Unarmed
rCold  + . .     Gourm    .     a - +0 animal skin
rNeg   + + +     Faith    .     (no shield)
rPois  ∞         Spirit   .     (no helmet)
rElec  .         Dismiss  .     (no cloak)
rCorr  .         Reflect  .     (no gloves)
SustAt .         Harm     .     (no boots)
MR     .....                    (no amulet)
Stlth  +.........               (no ring)
                                (no ring)

@: rotting, not resistant to hostile enchantments, very unstealthy
A: rotting body, claws 1, carnivore 3, cold resistance 1, negative energy
resistance 3, slow regeneration 1, torment resistance, unbreathing
a: Burn Spellbooks, Renounce Religion


You were on level 1 of the Dungeon.
You worshipped Trog.
Trog was aware of your devotion.
You were not hungry.

You visited 1 branch of the dungeon, and saw 1 of its levels.

You collected 21 gold pieces.

Inventory:

Armour
 a - a +0 animal skin (worn)
Scrolls
 c - a scroll of magic mapping {unknown}
Comestibles
 b - a meat ration {@e2}
 d - a beef jerky


   Skills:
 - Level 3.2 Fighting
 - Level 1.7 Armour
 - Level 1.7 Dodging
 + Level 3.8 Unarmed Combat


You couldn't memorise any spells.
You didn't know any spells.

Dungeon Overview and Level Annotations

Branches:
Dungeon (1/15)

Altars:


Innate Abilities, Weirdness & Mutations

Your body is rotting away.
You thrive on raw meat.
You are immune to poison.
You have sharp fingernails.
You are carnivorous and can eat meat at any time.
Your flesh is cold resistant.
You are immune to negative energy.
You regenerate slowly when monsters are visible.
You are immune to unholy pain and torment.
You can survive without breathing.


Message History

You claw the rat!
You kill the rat!
Trog accepts your kill.
A jackal comes into view.
A jackal comes into view.
The jackal barks!
The jackal moves out of view.
You scratch the jackal but do no damage.
The jackal bites you.
You take 2 damage, and have 17/19 hp.
You barely miss the jackal. The jackal closely misses you.
A goblin comes into view.
You barely miss the jackal.
The goblin shouts!
The jackal stops to sniff the ground.
The jackal barely misses you.
A jackal comes into view.
The jackal barks!
You claw the jackal!
You kill the jackal!
Trog accepts your kill.
The jackal moves out of view.
You scratch the goblin but do no damage.
The goblin hits you.
You take 2 damage, and have 15/19 hp.
You are too injured to fight recklessly!
You are too injured to fight recklessly!
You are too injured to fight recklessly!
You are too injured to fight recklessly!
You are too injured to fight recklessly!
You are too injured to fight recklessly!
You are too injured to fight recklessly!
You are too injured to fight recklessly!
You are too injured to fight recklessly!
You are too injured to fight recklessly!
You are too injured to fight recklessly!
You are too injured to fight recklessly!
You are too injured to fight recklessly!
You are too injured to fight recklessly!
You are too injured to fight recklessly!
You are too injured to fight recklessly!
You are too injured to fight recklessly!
You are too injured to fight recklessly!
You are too injured to fight recklessly!
Wield which item (- for none, * to show all)? (? for menu, Esc to quit)
You don't have any such object.
Wield which item (- for none, * to show all)? (? for menu, Esc to quit)
You don't have any such object.
Wield which item (- for none, * to show all)? (? for menu, Esc to quit)
Huh?
Wield which item (- for none, * to show all)? (? for menu, Esc to quit)
Huh?
Wield which item (- for none, * to show all)? (? for menu, Esc to quit)
Huh?
Wield which item (- for none, * to show all)? (? for menu, Esc to quit)
Okay, then.
Unknown command.
Unknown command.
Wield which item (- for none, * to show all)? (? for menu, Esc to quit)
You don't have any such object.
Wield which item (- for none, * to show all)? (? for menu, Esc to quit)
You don't have any such object.
Wield which item (- for none, * to show all)? (? for menu, Esc to quit)
Wield which item (- for none, * to show all)? (? for menu, Esc to quit)
Wield which item (- for none, * to show all)? (? for menu, Esc to quit)
Wield which item (- for none, * to show all)? (? for menu, Esc to quit)
Okay, then.
You barely miss the goblin. The goblin closely misses you.
You completely miss the goblin. The goblin closely misses you.
You claw the goblin!
You kill the goblin!
Trog accepts your kill.
You scratch the jackal. The jackal barely misses you. The jackal bites you.
You take 3 damage, and have 12/19 hp.
You barely miss the jackal. The jackal bites you.
You take 3 damage, and have 9/19 hp.
You scratch the jackal but do no damage.
The jackal closely misses you.
You claw the jackal!
You kill the jackal!
Trog accepts your kill.
You swing at nothing.
You swing at nothing.
You swing at nothing.
You swing at nothing.
The jackal barks!
You swing at nothing.
You swing at nothing.
You swing at nothing.
You closely miss the jackal. The jackal barely misses you.
You barely miss the jackal. The jackal bites you. The jackal bites you.
You take 2 damage, and have 7/19 hp.
You closely miss the jackal. The jackal bites you.
* * * LOW HITPOINT WARNING * * *
You take 2 damage, and have 5/19 hp.
You barely miss the jackal. The jackal bites you.
* * * LOW HITPOINT WARNING * * *
You take 2 damage, and have 3/19 hp.
You scratch the jackal. The jackal bites you.
You die...

#....... ..# #......# #.#
.#..#.# .......# #..
..#.#.## .......# #.#
#.#.... .......# #.#
#..... .......#######.#
#.... .....#.......#.#
#.#.#
.....#.........#####.#†##
....##########..@h......#
....# ######.##.......
....# #.# ....... ...##
#.# ####### ...# ..# ...#
### ....# ≈≈≈≈# .≈≈≈#


You could see a jackal.

Vanquished Creatures
  A goblin (D:1)
  3 jackals (D:1)
  A rat (D:1)
5 creatures vanquished.

Notes
Turn   | Place    | Note
--------------------------------------------------------------
     0 | D:1      | kroki the Ghoul Berserker began the quest for the Orb.
     0 | D:1      | Reached XP level 1. HP: 19/19 MP: 0/0
    84 | D:1      | HP: 3/19 [jackal (2)]
    85 | D:1      | Slain by a jackal

Vault maps used:
D:1:      nicolae_arrival_washed_ashore

Action                   || total
-------------------------++-------
Melee: Unarmed           ||    21

Vault maps used:
D:1:      nicolae_arrival_washed_ashore

Table legend:
 A = Turns spent in this place as a percentage of turns spent in the entire game.
 B = Non-inter-level travel turns spent in this place as a percentage of non-inter-level travel turns spent in the entire game.
 C = Inter-level travel turns spent in this place as a percentage of turns spent in this place.
 D = Turns resting spent in this place as a percentage of non-inter-level travel turns spent in this place.
 E = Turns spent auto-exploring this place as a percentage of non-inter-level travel turns spent in this place.
 F = Non-inter-level travel turns spent in this place divided by the number of levels of this place that you've seen.
                   A       B       C       D       E      F
               +-------+-------+-------+-------+-------+----------------------
         Total | 100.0 | 100.0 |   0.0 |   0.0 |   2.5 |  79.0
       Dungeon | 100.0 | 100.0 |   0.0 |   0.0 |   2.5 |  79.0
               +-------+-------+-------+-------+-------+----------------------

Table legend:
 A = Kills in this place as a percentage of kills in entire the game.
 B = Kills by you in this place as a percentage of kills by you in the entire game.
 C = Kills by friends in this place as a percentage of kills by friends in the entire game.
 D = Other kills in this place as a percentage of other kills in the entire game.
 E = Experience gained in this place as a percentage of experience gained in the entire game.
 F = Experience gained in this place divided by the number of levels of this place that you have seen.
                   A       B       C       D       E      F
               +-------+-------+-------+-------+-------+----------------------
         Total | 100.0 | 100.0 |  -nan |  -nan | 100.0 |   9.0
       Dungeon | 100.0 | 100.0 |  -nan |  -nan | 100.0 |   9.0
               +-------+-------+-------+-------+-------+----------------------
